 Dungeon Crawl Stone Soup version 0.23-a0-550-g7de1f8ee9f (webtiles) character file.

40247 RKaid the Grappler (level 14, -1/122 HPs)
             Began as a Ghoul Warper on Dec 8, 2018.
             Was a High Priest of Yredelemnul.
             Slain by a black mamba (13 damage)
             ... while paralysed by Sonja
             ... on level 6 of the Lair of Beasts on Dec 9, 2018.
             The game lasted 01:20:59 (19163 turns).

RKaid the Grappler (Ghoul Warper)                  Turns: 19163, Time: 01:20:59

Health: -1/122     AC: 11    Str: 19    XL:     14   Next: 10%
Magic:  19/19      EV:  2    Int:  9    God:    Yredelemnul [*****.]
Gold:   885        SH:  0    Dex: 13    Spells: 14/16 levels left

rFire    . . .     SeeInvis .     - Unarmed
rCold    + + .     Gourm    .   p - +2 large shield
rNeg     + + +     Faith    .   O - +3 ring mail
rPois    ∞         Spirit   .   v - +1 helmet
rElec    .         Reflect  .   M - +0 cloak
rCorr    .         Harm     .   (no gloves)
MR       +....                  (no boots)
Stlth    ++........             C - amulet of regeneration {+regen}
HPRegen  0.00/turn              A - ring of protection from cold {rC+}
MPRegen  0.16/turn              (no ring)

@: paralysed, agile, rotting, studying Air Magic
A: rotting body, claws 1, carnivore, cold resistance 1, negative energy
resistance 3, inhibited regeneration, torment resistance, unbreathing
a: Recall Undead Slaves, Injury Mirror, Animate Dead, Drain Life, Enslave Soul,
Renounce Religion


You were on level 6 of the Lair of Beasts.
You worshipped Yredelemnul.
Yredelemnul was extremely pleased with you.
You were not hungry.

You visited 2 branches of the dungeon, and saw 17 of its levels.
You also visited: Bailey.

You collected 1185 gold pieces.
You spent 300 gold pieces at shops.

Inventory:

Hand Weapons
 a - a +1 blowgun
   (You took it off a kobold on level 3 of the Dungeon)
 w - a +0 hunting sling of velocity
   (You took it off an orc on level 3 of the Dungeon)
 J - a +4 antimagic spear
   (You took it off a gnoll sergeant on level 9 of the Dungeon)
 P - a +7 demon trident
   (You took it off Urug on level 6 of the Lair of Beasts)
Missiles
 g - 96 sling bullets {@Q1}
 j - 10 javelins (quivered)
 k - 59 poisoned needles
 m - 3 throwing nets {=f}
Armour
 p - a +2 large shield (worn)
   (You found it on level 2 of the Dungeon)
 q - a +2 shield
   (You found it on level 8 of the Dungeon)
 v - a +1 helmet (worn)
   (You found it on level 3 of the Dungeon)
 M - a +0 cloak (worn)
   (You found it on level 10 of the Dungeon)
 O - a +3 ring mail (worn)
   (You found it on level 11 of the Dungeon)
Jewellery
 A - a ring of protection from cold (left claw) {rC+}
   (You found it on level 7 of the Dungeon)
 C - an amulet of regeneration (around neck) {+regen}
   (You found it on level 6 of the Dungeon)
 R - an uncursed amulet of magic regeneration {unknown}
   (You found it on level 4 of the Lair of Beasts)
Wands
 K - a wand of polymorph (22)
   (You found it on level 9 of the Dungeon)
 L - a wand of disintegration (37)
   (You found it on level 10 of the Dungeon)
 Q - a wand of enslavement (5)
   (You found it on level 4 of the Lair of Beasts)
 T - a wand of random effects (17)
   (You found it on level 5 of the Lair of Beasts)
Scrolls
 i - 2 scrolls of identify
 l - 2 scrolls of blinking {!r}
 n - 3 scrolls of enchant armour
 o - 8 scrolls of remove curse
 s - a scroll of magic mapping {!r}
 t - 10 scrolls of teleportation
 u - 7 scrolls of enchant weapon
 B - 3 scrolls of amnesia
 E - 2 scrolls of immolation {!r}
 G - 2 scrolls of fog
 H - a scroll of torment
 I - 2 scrolls of vulnerability {!r!r}
Potions
 b - 4 potions of agility
 c - 5 potions of curing
 d - a potion of invisibility
 e - a potion of cancellation
 h - 4 potions of heal wounds
 r - 4 potions of brilliance
 x - 3 potions of resistance
 z - a potion of haste {unknown}
 D - 4 potions of magic
 F - 3 potions of ambrosia
 N - a potion of flight
Books
 U - a manual of Air Magic
   (You found it on level 6 of the Lair of Beasts)
Miscellaneous
 y - a phial of floods
   (You found it on level 9 of the Dungeon)
Comestibles
 f - 38 rations
 S - 40 chunks of flesh


   Skills:
 + Level 10.8 Fighting
 - Level 0.8 Throwing
 - Level 0.8 Armour
 - Level 5.3 Dodging
 * Level 13.1 Shields
 + Level 14.1 Unarmed Combat
 - Level 1.7 Spellcasting
 - Level 2.6 Translocations
 + Level 9.2 Invocations


You had 14 spell levels left.
You knew the following spells:

 Your Spells              Type           Power        Failure   Level  Hunger
B - Blink                 Tloc           N/A          80%         2    ###....

Your spell library contained the following spells:

 Spells                   Type           Power        Failure   Level  Hunger
 Shroud of Golubria       Chrm/Tloc      #.........   94%         2    ###....
 Corona                   Hex            #......      95%         1    ##.....
 Magic Dart               Conj           #...         95%         1    ##.....
 Summon Small Mammal      Summ           #...         95%         1    ##.....
 Gell's Gravitas          Tloc           #.........   95%         3    ####...
 Lesser Beckoning         Tloc           #.........   95%         3    ####...
 Teleport Other           Tloc           #.......     95%         3    ####...
 Call Imp                 Summ           #.......     99%         2    ###....
 Ensorcelled Hibernation  Hex/Ice        #.....       99%         2    ###....
 Searing Ray              Conj           #.....       99%         2    ###....
 Slow                     Hex            #.......     99%         2    ###....
 Portal Projectile        Hex/Tloc       #.....       99%         3    ####...
 Call Canine Familiar     Summ           #.......     100%        3    ####...
 Confuse                  Hex            #.......     100%        3    ####...
 Dazzling Spray           Conj/Hex       #.....       100%        3    ####...
 Inner Flame              Hex/Fire       #.......     100%        3    ####...
 Summon Guardian Golem    Hex/Summ       #.......     100%        3    ####...
 Tukima's Dance           Hex            #.......     100%        3    ####...
 Cause Fear               Hex            #.........   100%        4    #####..
 Force Lance              Conj/Tloc      #.......     100%        4    #####..
 Fulminant Prism          Conj/Hex       #.........   100%        4    #####..
 Iskenderun's Mystic Bla  Conj           #.......     100%        4    #####..
 Leda's Liquefaction      Hex/Erth       #.........   100%        4    #####..
 Passage of Golubria      Tloc           N/A          100%        4    #####..
 Summon Ice Beast         Ice/Summ       #.......     100%        4    #####..
 Summon Lightning Spire   Summ/Air       #.......     100%        4    #####..


Dungeon Overview and Level Annotations

Branches:
Dungeon (11/15)            Temple (0/1) D:7            Lair (6/6) D:11
 Shoals (0/4) Lair:4        Snake (0/4) Lair:3        Slime (0/5) Lair:6
    Orc (0/2) D:11

Altars:
Ashenzari
Fedhas
Gozag
Kikubaaqudgha
Nemelex Xobeh
Qazlal
Sif Muna
Vehumet
Yredelemnul
The Shining One
Beogh
Jiyva

Shops:
D:4 }   D:5 *   D:9 *   D:11 *%

Annotations:
D:10 2 runed doors, exclusion: orange crystal statue
Lair:3 9 exclusions
Lair:6 Snorg, Sonja


Innate Abilities, Weirdness & Mutations

Your body is rotting away.
You thrive on raw meat.
You are immune to poison.
You have sharp fingernails.
You are carnivorous and can eat meat at any time.
Your flesh is cold resistant. (rC+)
You are immune to negative energy. (rN+++)
You do not regenerate when monsters are visible.
You are immune to unholy pain and torment.
You can survive without breathing.


Message History

Eat one of 45 chunks of flesh? (ye/n/q)
You eat one of the 45 chunks of flesh.
This raw flesh tastes great!
You block the warg's attack.
Eat one of 44 chunks of flesh? (ye/n/q)
You eat one of the 44 chunks of flesh.
This raw flesh tastes great!
Eat one of 43 chunks of flesh? (ye/n/q)
You eat one of the 43 chunks of flesh.
This raw flesh tastes great!
You block the five-headed hydra's attack. x2
The five-headed hydra bites you.
The five-headed hydra barely misses you.
The five-headed hydra bites you!
You claw the five-headed hydra!
The five-headed hydra closely misses you.
You block the five-headed hydra's attack. x2
The five-headed hydra bites you! x2
Eat one of 42 chunks of flesh? (ye/n/q)
You eat one of the 42 chunks of flesh.
This raw flesh tastes great!
You block the five-headed hydra's attack.
The five-headed hydra bites you!
You block the five-headed hydra's attack.
The five-headed hydra bites you.
You block the five-headed hydra's attack.
Eat one of 41 chunks of flesh? (ye/n/q)
You eat one of the 41 chunks of flesh.
This raw flesh tastes great!
The five-headed hydra closely misses you.
You block the five-headed hydra's attack.
The five-headed hydra bites you! x2
The five-headed hydra bites you but does no damage.
You claw the five-headed hydra! The five-headed hydra bites you!
The five-headed hydra bites you but does no damage. x4
Items here: ÷÷÷÷÷÷÷
Things that are here:
a black bear skeleton; an anaconda skeleton You feel agile all of a sudden.
The five-headed hydra completely misses you.
The five-headed hydra bites you!
The five-headed hydra bites you but does no damage.
You block the five-headed hydra's attack.
The five-headed hydra closely misses you.
You scratch the five-headed hydra. You scratch the five-headed hydra.
The five-headed hydra barely misses you.
You block the five-headed hydra's attack.
The five-headed hydra bites you!
* * * LOW HITPOINT WARNING * * *
You block the five-headed hydra's attack.
The five-headed hydra bites you.
* * * LOW HITPOINT WARNING * * *
You see here a warg skeleton.
You feel much better.
You block the five-headed hydra's attack.
The five-headed hydra misses you.
You block the five-headed hydra's attack.
The five-headed hydra bites you!
* * * LOW HITPOINT WARNING * * *
You block the five-headed hydra's attack.
Okay, then.
Press: ? - help, v - describe, . - travel, g - get item
Here: a five-headed hydra (heavily wounded)
A black bear skeleton.
There is something else lying underneath.
The floor, spattered with blood.
Unknown command.
You block the five-headed hydra's attack.
The five-headed hydra bites you.
* * * LOW HITPOINT WARNING * * *
You block the five-headed hydra's attack.
The five-headed hydra bites you.
* * * LOW HITPOINT WARNING * * *
You block the five-headed hydra's attack.
As you read the scroll of teleportation, it crumbles to dust.
You feel strangely unstable.
You block the five-headed hydra's attack. x2
The five-headed hydra bites you.
* * * LOW HITPOINT WARNING * * *
The five-headed hydra bites you.
* * * LOW HITPOINT WARNING * * *
You block the five-headed hydra's attack.
You block the warg's attack.
Your surroundings suddenly seem different.
Snorg the Insatiable comes into view.
Snorg shouts!
Sonja, the Graceful Assassin comes into view.
She is wielding a +1 dagger of Sonja shouts!
A black mamba comes into view.
Sonja zaps a wand.
You suddenly lose the ability to move!
A hippogriff comes into view.
A black mamba comes into view.
Sonja unwields a +1 dagger of distortion.
Its appearance distorts for a moment.
Sonja wields a -1 blowgun.
Sonja shoots a curare-tipped needle.
The curare-tipped needle hits you.
Found a curare-tipped needle and a potion of curing.
Found a viscous altar of Jiyva.
Found a staircase to the Slime Pits.
A yak comes into view.
The black mamba bites you!
* * * LOW HITPOINT WARNING * * *
Sonja zaps a wand.
You resist with almost no effort. The black mamba bites you!
You die...
Yredelemnul claims you as an undead slave.

#..#^K..##
...#...SP#
.........#
#......T.##
......_>..
H........###
...........####
.P....S@.......
..........#....
............. .
..............#
#..P.......P.##
.#..........P.#
#..........P.#
P.!.....Y....#


You could see Snorg, a hippogriff (wandering), 2 black mambas, a yak (sleeping)
and Sonja.

Vanquished Creatures
  Gastronok (Lair:1)
  3 hydras
  An anaconda (Lair:6)
  Urug (Lair:6)
  Pikel (D:4)
  A manticore (D:11)
  A merfolk siren (Lair:4)
  11 elephants
  7 black mambas
  7 spiny frogs
  A rime drake (Lair:1)
  2 komodo dragons
  8 polar bears
  A troll (D:10)
  5 hippogriffs
  A basilisk (Lair:4)
  A wraith (D:11)
  A wyvern (Lair:1)
  38 yaks
  Menkaure (D:5)
  4 wargs
  15 water moccasins
  An orc warrior (D:6)
  5 hell hounds (Lair:6)
  9 porcupines
  7 black bears
  2 ice beasts
  2 sky beasts
  2 slaves
  7 ogres
  2 phantoms
  10 wolves
  2 centaurs (D:6)
  9 crocodiles
  7 bullfrogs
  2 big kobolds
  3 scorpions
  14 killer bees
  3 howler monkeys
  A quasit (D:8)
  3 crimson imps
  2 centaur zombies
  6 hounds
  A gnoll shaman (D:6)
  7 orc priests
  A bullfrog skeleton (D:8)
  8 orc wizards
  6 worker ants
  An iguana (D:8)
  2 hound zombies
  8 gnolls
  11 adders
  A shadow imp (D:5)
  An adder zombie (D:6)
  7 worms
  A dart slug (D:3)
  3 leopard geckos
  35 orcs
  3 bats
  6 giant cockroaches
  9 goblins
  6 hobgoblins
  18 jackals
  7 quokkas
  2 ball pythons (D:3)
  5 frilled lizards
  17 kobolds
  A quokka skeleton (D:10)
  5 rats
383 creatures vanquished.

Vanquished Creatures (collateral kills)
  An unseen horror (D:11)
  A cyclops (D:11)
  5 black mambas
  3 elephants
  A spiny frog (Lair:5)
  2 komodo dragons
  2 merfolk (Lair:4)
  A troll (D:11)
  3 polar bears (Lair:6)
  2 hippogriffs (Lair:6)
  A spriggan (D:10)
  25 yaks
  A wyvern (D:10)
  A warg (D:11)
  7 water moccasins
  3 porcupines (Lair:5)
  3 hell hounds (Lair:6)
  6 black bears (Lair:6)
  A necrophage (D:9)
  An ice beast (D:9)
  An orc warrior (D:11)
  2 centaurs
  4 ogres
  3 wolves (Lair:6)
  5 crocodiles
  A gnoll sergeant (D:9)
  7 bullfrogs
  2 scorpions (D:9)
  8 killer bees
  2 electric eels (Lair:3)
  A crimson imp (D:9)
  2 hounds
  A jelly (D:10)
  An orc priest (D:10)
  A bullfrog skeleton (D:10)
  3 centaur skeletons
  An iguana (D:7)
  A worker ant (D:11)
  A killer bee zombie (D:9)
  2 howler monkey zombies (D:9)
  3 adders
  A gnoll (D:9)
  An adder zombie (D:9)
  A worm (D:6)
  2 orcs
  5 fungi
  A plant (Lair:6)
133 creatures vanquished.

Vanquished Creatures (others)
  A flayed ghost (Lair:6)
  17 flying skulls
  A vampire (Lair:6)
  3 wraiths
  A wight (Lair:4)
  A mummy (D:7)
  8 fungi
  17 plants
49 creatures vanquished.

Grand Total: 565 creatures vanquished

Notes
Turn   | Place    | Note
-------+----------+-------------------------------------------
     0 | D:1      | RKaid the Ghoul Warper began the quest for the Orb.
     0 | D:1      | Reached XP level 1. HP: 17/17 MP: 2/2
   402 | D:1      | Reached XP level 2. HP: 20/25 MP: 3/3
  1056 | D:1      | Reached skill level 3 in Unarmed Combat
  1244 | D:2      | Learned a level 2 spell: Blink
  1388 | D:2      | Reached XP level 3. HP: 30/30 MP: 4/4
  1519 | D:2      | Found a faded altar of an unknown god.
  1537 | D:2      | Became a worshipper of Yredelemnul the Dark
  1537 | D:2      | Reached * piety under Yredelemnul
  1686 | D:2      | Reached skill level 3 in Fighting
  2004 | D:3      | Reached XP level 4. HP: 32/37 MP: 5/5
  2072 | D:2      | Reached skill level 4 in Unarmed Combat
  2297 | D:3      | Reached XP level 5. HP: 41/45 MP: 6/6
  2319 | D:3      | Noticed an ogre
  2380 | D:3      | Killed an ogre
  2380 | D:3      | Reached skill level 4 in Fighting
  2380 | D:3      | Reached skill level 5 in Unarmed Combat
  2660 | D:3      | Noticed a sky beast
  2684 | D:3      | Killed a sky beast
  2684 | D:3      | Reached skill level 6 in Unarmed Combat
  2684 | D:3      | Reached XP level 6. HP: 41/53 MP: 7/7
  2803 | D:3      | Reached ** piety under Yredelemnul
  3823 | D:4      | Reached XP level 7. HP: 46/60 MP: 8/8
  4118 | D:4      | Noticed Pikel
  4313 | D:4      | Found Kopruz's Gadget Boutique.
  4328 | D:4      | Found a stormy altar of Qazlal.
  4402 | D:4      | Killed Pikel
  4402 | D:4      | Reached skill level 5 in Fighting
  4402 | D:4      | Reached skill level 2 in Shields
  4402 | D:4      | Reached skill level 7 in Unarmed Combat
  4402 | D:4      | Reached XP level 8. HP: 46/67 MP: 9/9
  4429 | D:4      | Reached skill level 3 in Shields
  4740 | D:5      | Entered Level 5 of the Dungeon
  4837 | D:5      | Found an ancient bone altar of Kikubaaqudgha.
  4856 | D:5      | Found a shattered altar of Ashenzari.
  4951 | D:5      | Reached skill level 8 in Unarmed Combat
  4984 | D:5      | Found Odybais's General Store.
  4988 | D:5      | Bought a scroll of teleportation for 42 gold pieces
  5182 | D:5      | Reached skill level 6 in Fighting
  5205 | D:5      | Reached skill level 4 in Shields
  5211 | D:5      | Reached *** piety under Yredelemnul
  5635 | D:5      | Found a radiant altar of Vehumet.
  5668 | D:6      | Noticed Menkaure
  5677 | D:5      | Killed Menkaure
  6679 | D:6      | Reached skill level 9 in Unarmed Combat
  6679 | D:6      | Reached XP level 9. HP: 75/76 MP: 10/10
  6789 | D:5      | Reached skill level 5 in Shields
  6909 | D:5      | Received a gift from Yredelemnul (a mummy)
  7629 | D:6      | HP: 17/78 [killer bee (5)]
  7747 | D:6      | Reached skill level 7 in Fighting
  7767 | D:6      | Reached skill level 2 in Dodging
  7849 | D:6      | HP: 14/79 [killer bee (7)]
  7852 | D:6      | Reached skill level 6 in Shields
  7942 | D:7      | Reached skill level 10 in Unarmed Combat
  8343 | D:7      | Found a staircase to the Ecumenical Temple.
  8540 | D:7      | Found a deep blue altar of Sif Muna.
  8871 | D:8      | Reached XP level 10. HP: 85/86 MP: 11/11
  8894 | D:8      | Reached skill level 3 in Dodging
  9074 | D:8      | Reached skill level 7 in Shields
  9095 | D:8      | Found a flagged portal.
  9121 | D:8      | Reached **** piety under Yredelemnul
  9208 | Bailey   | Entered a bailey
  9355 | Bailey   | HP: 21/86 [orc/bolt (13)]
  9731 | D:8      | Found a glowing golden altar of the Shining One.
  9753 | D:8      | Found a blossoming altar of Fedhas.
 10213 | D:8      | Received a gift from Yredelemnul (5 flying skulls)
 10425 | D:9      | Found Roywn's Assorted Antiques.
 10444 | D:9      | Reached skill level 11 in Unarmed Combat
 10477 | D:9      | Bought a scroll labeled KISHYIDIKY for 29 gold pieces
 10477 | D:9      | Bought a glowing ring mail for 203 gold pieces
 10477 | D:9      | Bought a red potion for 26 gold pieces
 10516 | D:9      | Found a sparkling altar of Nemelex Xobeh.
 10713 | D:9      | Reached skill level 4 in Dodging
 10759 | D:9      | Reached ***** piety under Yredelemnul
 11085 | D:10     | Entered Level 10 of the Dungeon
 11123 | D:10     | Reached skill level 8 in Shields
 11127 | D:10     | Reached skill level 1 in Invocations
 11129 | D:10     | Received a gift from Yredelemnul (5 flying skulls)
 11440 | D:10     | Reached skill level 2 in Invocations
 11518 | D:10     | Noticed an orange crystal statue
 11519 | D:10     | Found a runed door.
 11529 | D:10     | Found the +10 large shield of Ignorance {rN+ Int-4}
 11555 | D:10     | Found a runed door.
 11564 | D:10     | Received a gift from Yredelemnul (a wraith)
 11584 | D:10     | Reached XP level 11. HP: 92/92 MP: 12/12
 11788 | D:10     | Reached skill level 3 in Invocations
 11889 | D:11     | Found an opulent altar of Gozag.
 11893 | D:11     | Reached skill level 5 in Dodging
 11906 | D:11     | Reached skill level 9 in Shields
 12012 | D:11     | Found a staircase to the Lair.
 12113 | D:11     | Found Qeeh's Demolitions Depot.
 12131 | D:11     | Killed an unseen horror
 12132 | D:11     | Noticed a manticore
 12138 | D:11     | RKaid: !ac 7
 12138 | D:11     | beem: 3.14 armour skill per 1 AC for 7 base AC
 12139 | D:11     | Reached skill level 12 in Unarmed Combat
 12158 | D:11     | Killed a manticore
 12158 | D:11     | Reached skill level 4 in Invocations
 12161 | D:11     | Found a staircase to the Orcish Mines.
 12203 | D:11     | Received a gift from Yredelemnul (3 flying skulls)
 12385 | D:11     | Got a jewelled leather armour
 12387 | D:11     | Identified the +1 leather armour "Udamu" {*Corrode rC-
                  | Regen+ Stlth+} (You found it on level 11 of the Dungeon)
 12609 | D:11     | Found Tiakar's Food Shoppe.
 12635 | D:11     | Found a roughly hewn altar of Beogh.
 12745 | D:11     | Noticed a cyclops
 12761 | D:11     | Killed a cyclops
 12843 | Lair:1   | Entered Level 1 of the Lair of Beasts
 12907 | Lair:1   | Received a gift from Yredelemnul (a wraith)
 12914 | Lair:1   | Noticed Gastronok
 12960 | Lair:1   | Killed Gastronok
 12997 | Lair:1   | Reached skill level 10 in Shields
 12997 | Lair:1   | Reached skill level 5 in Invocations
 13015 | Lair:1   | Noticed a seven-headed hydra
 13022 | D:11     | RKaid: ??ghoul
 13022 | D:11     | beem: ghoul[1/4]: Player ghouls have claws 1 (see {unarmed
                  | combat}), rN+++, rC+, poison and torment immunity. They
                  | also rot over time. Eating chunks can cure rot and/or
                  | restore HP. Monster ghouls are quite powerful and have a
                  | ton of HP.
 13022 | D:11     | RKaid: ??ghoul[2
 13022 | D:11     | beem: ghoul[2/4]: Spells player ghouls can't use:
                  | revivification, death's door, stoneskin, any form-changing
                  | spell (including blade hands and necromutation), and spells
                  | that would have no useful effect such as cure poison.
 13022 | D:11     | RKaid: ??ghoul[3
 13022 | D:11     | beem: ghoul[3/4]: You smell decay. Yum-yum.
 13022 | D:11     | RKaid: ??ghoul[4
 13022 | D:11     | beem: ghoul[4/4]: can't be drained, can't be malmutated,
                  | can't be tormented like a damn terminator
 13037 | D:11     | HP: 19/93 [water moccasin (8)]
 13150 | Lair:1   | Reached XP level 12. HP: 95/101 MP: 14/14
 13156 | Lair:1   | Killed a seven-headed hydra
 13156 | Lair:1   | Reached skill level 8 in Fighting
 13920 | Lair:2   | Reached skill level 6 in Invocations
 14070 | Lair:2   | Received a gift from Yredelemnul (a wraith)
 14300 | Lair:2   | Noticed a seven-headed hydra
 14519 | Lair:2   | Noticed a seven-headed hydra
 14560 | Lair:1   | Killed a seven-headed hydra
 14560 | Lair:1   | Reached skill level 11 in Shields
 14982 | Lair:3   | Reached skill level 9 in Fighting
 15160 | Lair:3   | Reached skill level 13 in Unarmed Combat
 15332 | Lair:3   | Reached skill level 7 in Invocations
 15359 | Lair:3   | Found a staircase to the Snake Pit.
 15380 | Lair:3   | Noticed a four-headed hydra
 15388 | Lair:3   | Killed a four-headed hydra
 15388 | Lair:3   | Received a gift from Yredelemnul (a wight)
 15559 | Lair:3   | Reached XP level 13. HP: 98/111 MP: 17/17
 16839 | Lair:4   | Reached skill level 12 in Shields
 16972 | Lair:4   | Received a gift from Yredelemnul (a phantasmal warrior)
 16973 | Lair:4   | Reached skill level 8 in Invocations
 17195 | Lair:4   | Reached skill level 10 in Fighting
 17270 | Lair:4   | Found a staircase to the Shoals.
 17309 | Lair:4   | Received a gift from Yredelemnul (a vampire)
 17781 | Lair:5   | Received a gift from Yredelemnul (4 flying skulls)
 18506 | Lair:6   | Entered Level 6 of the Lair of Beasts
 18506 | Lair:6   | Noticed Urug
 18520 | Lair:6   | Killed Urug
 18852 | Lair:6   | Reached skill level 14 in Unarmed Combat
 18905 | Lair:6   | Reached skill level 9 in Invocations
 18946 | Lair:6   | Reached XP level 14. HP: 83/122 MP: 19/19
 18973 | Lair:6   | Reached skill level 13 in Shields
 19056 | Lair:6   | Received a gift from Yredelemnul (a flayed ghost)
 19156 | Lair:6   | HP: 27/122 [five-headed hydra (12)]
 19162 | Lair:6   | Found a staircase to the Slime Pits.
 19162 | Lair:6   | Found a viscous altar of Jiyva.
 19162 | Lair:6   | Noticed Snorg
 19162 | Lair:6   | Noticed Sonja
 19162 | Lair:6   | Paralysed by Sonja for 3 turns
 19163 | Lair:6   | HP: 12/122 [black mamba (10)]
 19163 | Lair:6   | Slain by a black mamba

Vault maps used:
D:1:      wander_arrival_abandoned_jail, serial_co_window_serial,
          co_window_paths_a, co_window_paths_a, co_window_of_opportunity_a,
          co_window_paths_a, co_window_of_opportunity_a, co_window_corner_b,
          co_window_corner_b, co_window_unsneaky_path_d, co_window_2corner,
          co_window_2corner, glass_columns_a, glass_columns_b, minmay_ruptured
D:2:      chequers_ecumenical_altar_island
D:3:      minmay_bubble_buster
D:4:      serial_shops, nicolae_shop_behind_doors, grunt_qazlal_sundering,
          uniq_pikel
D:5:      ashenzari_altar_1, kennysheep_mini, basic_altar, first_ration,
          serial_shops, shop, grunt_ministairs_5, chequers_decorated_corner
D:6:      serial_glass, glass_columns_a, glass_columns_a, glass_columns_b,
          glass_columns_a, glass_columns_a, glass_columns_b, glass_columns_a,
          glass_columns_b, glass_columns_a, glass_columns_a, glass_columns_a,
          glass_columns_c, glass_columns_a, glass_columns_a, uniq_menkaure
D:7:      led_sif_pool, minmay_temple_entry_antechambers
D:8:      amethyst_overflow_temple_binary, enter_bailey_4
D:9:      old_standard_altar, serial_shops, nicolae_shop_window_shopping
D:10:     wad_floor_pattern_untrapped, the_bakery,
          chequers_guarded_unrand_ignorance
D:11:     erik_lair_orcish_takeover, minmay_orc_entry_temple_small,
          serial_shops, shop, nicolae_blasting_shop, nicolae_gozag_seed_capital
Lair:1:   infiniplex_staircase_pool_2, uniq_gastronok
Lair:3:   minmay_snake_entry_six_corridors, disabler_island
Lair:4:   beast_lair_carwin_large_1, elwin_shoals_entry_rooms,
          serial_bayou_pond_b, infiniplex_staircase_pool
Lair:5:   hibernation_bobbens, lemuel_fruit_fields
Lair:6:   hangedman_lair_caniforms_friends, guppyfry_lair_end_dragon,
          slime_altar_1, ebering_ghost_inner_flame, st_stairs_7, uniq_urug,
          uniq_snorg, uniq_sonja
Bailey:   bailey_polearm_2, bailey

Skill      XL: |  1  2  3  4  5  6  7  8  9 10 11 12 13 14 |
---------------+-------------------------------------------+-----
Unarmed Combat | 3 4 6 7 9 10 11 12 13 14 | 14.1
Fighting       | 3 4 5 6 7 9 10 | 10.8
Shields        | 2 4 6 8 10 11 12 13 | 13.1
Dodging        | 2 4 5 |  5.3
Invocations    | 2 5 7 9 |  9.2
Throwing       | |  0.8
Armour         | |  0.8
Spellcasting   | |  1.7
Translocations | |  2.6

Action                   |  1- 3 |  4- 6 |  7- 9 | 10-12 | 13-15 || total
-------------------------+-------+-------+-------+-------+-------++-------
Melee: Unarmed           |   119 |   191 |   365 |   684 |   498 ||  1857
       Punch             |       |     2 |       |       |       ||     2
 Fire: Blowgun           |       |    20 |    10 |       |       ||    30
       Hunting sling     |       |       |     9 |       |       ||     9
 Cast: Blink             |       |       |       |     4 |       ||     4
Invok: Recall Undead Sla |       |       |     1 |     6 |     3 ||    10
       Injury Mirror     |       |       |     1 |     5 |     1 ||     7
       Animate Dead      |       |       |       |     1 |       ||     1
Evoke: Wand              |       |       |       |     4 |       ||     4
  Use: Scroll            |       |     9 |    12 |    12 |     4 ||    37
       Potion            |       |       |     2 |       |     2 ||     4
 Stab: Distracted        |       |       |       |     5 |     8 ||    13
       Confused          |       |       |       |       |     1 ||     1
  Eat: Chunk             |    11 |    14 |    29 |    99 |    75 ||   228
Armor: Leather armour    |    12 |       |       |       |       ||    12
       Chain mail        |    22 |    26 |       |       |       ||    48
       Ring mail         |       |    38 |   103 |   169 |   126 ||   436
Dodge: Dodged            |    54 |    90 |    93 |   173 |   131 ||   541
Block: Large shield      |       |       |   320 |   607 |   435 ||  1362
       Shield            |       |       |       |     5 |       ||     5

Table legend:
 A = Non-vault XP
 B = Vault XP
 C = Vault XP percentage of total XP
 D = Non-vault monster count
 E = Vault monster count
 F = Vault count percentage of total count
                 A         B        C        D         E       F
            +---------+---------+-------+---------+---------+-------
      Total |   42416 |   15080 |  26.2 |     397 |     111 |  21.9
            +---------+---------+-------+---------+---------+-------
        D:1 |      16 |       3 |  15.8 |      10 |       2 |  16.7
        D:2 |      70 |       0 |   0.0 |      22 |       0 |   0.0
        D:3 |     387 |      63 |  14.0 |      35 |      12 |  25.5
        D:4 |     303 |     607 |  66.7 |       7 |       1 |  12.5
        D:5 |     682 |     337 |  33.1 |      20 |       3 |  13.0
        D:6 |    1290 |       0 |   0.0 |      29 |       0 |   0.0
        D:7 |     815 |       0 |   0.0 |      21 |       0 |   0.0
        D:8 |     827 |      10 |   1.2 |      22 |       5 |  18.5
        D:9 |    2182 |       0 |   0.0 |      39 |       0 |   0.0
       D:10 |    2379 |     148 |   5.9 |      36 |       1 |   2.7
       D:11 |    4298 |     641 |  13.0 |      24 |      17 |  41.5
     Lair:1 |    6029 |    1607 |  21.0 |      25 |       1 |   3.8
     Lair:2 |    4086 |       0 |   0.0 |      20 |       0 |   0.0
     Lair:3 |    4340 |    2352 |  35.1 |      16 |      17 |  51.5
     Lair:4 |    7531 |    2912 |  27.9 |      29 |      13 |  31.0
     Lair:5 |    4073 |       0 |   0.0 |      22 |       0 |   0.0
     Lair:6 |    3108 |    6397 |  67.3 |      20 |      38 |  65.5
     Bailey |       0 |       3 | 100.0 |       0 |       1 | 100.0
            +---------+---------+-------+---------+---------+-------

Table legend:
 A = Turns spent in this place as a percentage of turns spent in the entire game.
 B = Non-inter-level travel turns spent in this place as a percentage of non-inter-level travel turns spent in the entire game.
 C = Inter-level travel turns spent in this place as a percentage of turns spent in this place.
 D = Turns resting spent in this place as a percentage of non-inter-level travel turns spent in this place.
 E = Turns spent auto-exploring this place as a percentage of non-inter-level travel turns spent in this place.
 F = Non-inter-level travel turns spent in this place divided by the number of levels of this place that you've seen.
                   A       B       C       D       E      F
               +-------+-------+-------+-------+-------+----------------------
         Total | 100.0 | 100.0 |   6.1 |  18.3 |  42.9 | 999.2
       Dungeon |  66.8 |  65.9 |   7.5 |  20.7 |  42.5 | 1076.7
          Lair |  32.4 |  33.3 |   3.5 |  13.4 |  44.8 | 998.3
        Bailey |   0.8 |   0.8 |   0.0 |  32.5 |   0.0 | 151.0
               +-------+-------+-------+-------+-------+----------------------

Table legend:
 A = Kills in this place as a percentage of kills in entire the game.
 B = Kills by you in this place as a percentage of kills by you in the entire game.
 C = Kills by friends in this place as a percentage of kills by friends in the entire game.
 D = Other kills in this place as a percentage of other kills in the entire game.
 E = Experience gained in this place as a percentage of experience gained in the entire game.
 F = Experience gained in this place divided by the number of levels of this place that you have seen.
                   A       B       C       D       E      F
               +-------+-------+-------+-------+-------+----------------------
         Total | 100.0 | 100.0 | 100.0 | 100.0 | 100.0 | 3194.2
       Dungeon |  60.2 |  63.7 |  50.4 |   0.0 |  26.2 | 1368.9
          Lair |  39.6 |  36.1 |  49.6 | 100.0 |  73.8 | 7072.5
        Bailey |   0.2 |   0.3 |   0.0 |   0.0 |   0.0 |   3.0
               +-------+-------+-------+-------+-------+----------------------
